 Dungeon Crawl Stone Soup version 0.27-a0-836-gfc908b8576 (webtiles) character file.

Game seed: 362220873917631790

25818 porpoise the Destroyer (level 12, -15/72 HPs)
             Began as a Deep Elf Conjurer on Mar 31, 2021.
             Was a Priest of Vehumet.
             Shot with an arrow by a centaur warrior (23 damage)
             ... on level 13 of the Dungeon on Apr 1, 2021.
             The game lasted 01:11:14 (17888 turns).

porpoise the Destroyer (Deep Elf Conjurer)         Turns: 17888, Time: 01:11:15

Health: -15/72     AC:  8    Str:  7    XL:     12   Next: 92%
Magic:  18/27      EV: 16    Int: 26    God:    Vehumet [***...]
Gold:   1005       SH:  5    Dex: 13    Spells: 15/29 levels left

rFire    . . .     SeeInvis .   b - +1 hunting sling
rCold    . . .     Faith    .   w - +0 buckler
rNeg     . . .     Spirit   .   e - +0 robe
rPois    .         Reflect  .   (no helmet)
rElec    .         Harm     .   (no cloak)
rCorr    .         Rampage  .   (no gloves)
Will     ++...                  h - +1 pair of boots
Stlth    +++.......             t - amulet of regeneration
HPRegen  1.22/turn              q - +4 ring of protection
MPRegen  0.20/turn              A - ring of willpower

@: no status effects
A: no striking features
a: Renounce Religion


You were on level 13 of the Dungeon.
You worshipped Vehumet.
Vehumet was most pleased with you.
You visited 3 branches of the dungeon, and saw 15 of its levels.

You collected 1005 gold pieces.

Inventory:

Hand Weapons
 a - a +1 dagger of draining
 b - a +1 hunting sling (weapon)
Missiles
 j - 54 sling bullets (quivered ammo)
 k - 6 curare-tipped darts
Armour
 e - a +0 robe (worn)
 h - a +1 pair of boots (worn)
 w - a +0 buckler (worn)
Jewellery
 q - a +4 ring of protection (left hand)
 t - an amulet of regeneration (around neck)
 A - a ring of willpower (right hand)
 D - a ring of protection from fire
Wands
 c - a wand of polymorph (4)
 l - a wand of paralysis (11)
 m - a wand of iceblast (1)
 v - a wand of flame (6)
 H - a wand of mindburst (10)
Scrolls
 f - a scroll of silence
 o - 2 scrolls of magic mapping
 p - a scroll of holy word {unknown}
 x - 2 scrolls of vulnerability
 F - a scroll of teleportation
 M - a scroll of brand weapon {unknown}
Potions
 d - 6 potions of curing
 g - a potion of attraction
 i - a potion of berserk rage
 r - 2 potions of resistance
 z - 2 potions of haste
 B - 2 potions of lignification


   Skills:
 - Level 7.0 Fighting
 - Level 9.0 Dodging
 - Level 7.0 Stealth
 + Level 4.2 Shields
 - Level 9.0 Spellcasting
 - Level 12.0 Conjurations
 + Level 10.1 Hexes
 - Level 9.0 Translocations
 - Level 7.0 Evocations


You had 15 spell levels left.
You knew the following spells:

 Your Spells              Type           Power      Damage    Failure   Level
a - Magic Dart            Conj           100%       1d8       1%          1
b - Searing Ray           Conj           100%       3d7       1%          2
c - Fulminant Prism       Conj/Hex       31%        3d16      1%          4
d - Iskenderun's Mystic   Conj/Tloc      60%        2d13      1%          4
e - Dazzling Flash        Conj/Hex       100%       N/A       1%          3

Your spell library contained the following spells:

 Spells                   Type           Power      Damage    Failure   Level
 Inner Flame              Hex/Fire       38%        N/A       1%          3
 Corona                   Hex            65%        N/A       1%          1
 Ensorcelled Hibernation  Hex/Ice        76%        N/A       1%          2
 Confusing Touch          Hex            59%        N/A       1%          3
 Tukima's Dance           Hex            59%        N/A       1%          3


Dungeon Overview and Level Annotations

Branches:
Dungeon (13/15)            Temple (1/1) D:7            Lair (1/6) D:11
    Orc (0/2) D:12
 Vaults: D:13-14

Altars:
Ashenzari
Cheibriados
Elyvilon
Fedhas
Gozag
Hepliaklqana
Kikubaaqudgha
Makhleb
Nemelex Xobeh
Okawaru
Qazlal
Trog
Uskayaw
Vehumet
Wu Jian
Zin
The Shining One

Shops:
D:9 (

Portals:
Trove: D:10 (give 6 scrolls of fog)

Annotations:
D:5 elec eels, exclusion: 2 doors
D:9 1 runed translucent door
D:12 flight or dig
Lair:1 3 runed translucent doors, Deujad's ghost, journeyman MiBe; Drazool's ghost, journeyman TrHu; Zuem's ghost, journeyman DrIE


Message History

Press: ? - help, Dir - move target You conjure a prism of explosive energy!
A fulminant prism comes into view.
The centaur warrior shoots an arrow.
The arrow closely misses you.
A centaur comes into view.
The centaur shoots an arrow.
The arrow hits you!
The centaur shoots an arrow.
The arrow barely misses you.
The centaur wields a +0 shortbow.
The centaur shoots an arrow.
The arrow hits you.
The centaur warrior shoots an arrow.
The arrow hits your fulminant prism!!
Your fulminant prism detonates feebly.
The centaur shoots an arrow.
You block the arrow.
The centaur shoots an arrow.
The arrow misses you.
The centaur shoots an arrow.
The arrow hits you.
A vampire mosquito comes into view.
As you read the scroll of teleportation, it crumbles to dust.
You feel strangely unstable.
The centaur warrior shoots an arrow.
You block the arrow.
The centaur shoots an arrow.
The arrow closely misses you.
The centaur shoots an arrow.
The arrow hits you. The vampire mosquito misses you.
The centaur warrior shoots an arrow.
The arrow hits you!
* * * LOW HITPOINT WARNING * * *
You feel much better.
You block the vampire mosquito's attack.
The centaur shoots an arrow.
You block the arrow.
The centaur warrior shoots an arrow.
The arrow misses you.
The vampire mosquito completely misses you.
The centaur shoots an arrow.
The arrow hits you!
The centaur shoots an arrow.
The arrow hits you.
* * * LOW HITPOINT WARNING * * *
Your surroundings suddenly seem different.
The centaur shoots an arrow.
You block the arrow.
The centaur shoots an arrow.
You block the arrow.
The centaur warrior shoots an arrow.
The arrow hits you.
* * * LOW HITPOINT WARNING * * *
The centaur warrior shoots an arrow.
You block the arrow.
The centaur shoots an arrow.
The arrow misses you.
The centaur warrior shoots an arrow.
The arrow hits you!
* * * LOW HITPOINT WARNING * * *
The centaur warrior shoots an arrow.
The arrow hits you!!
You die...

..##....................#####....
#....(................c.#####c...
........................#####....
..............###......c.###.....
.............#####...............
.............#####...............
.............#####...............
..............###..............y.
................@................
................................#
........^......................##
...............................##
...............>..............,**
.............................,,,*
............................,,,,,
..............###.........,,,,,,,
.............#####,,,,,,,,,,,,,,,


You could see a centaur warrior and a centaur.

Vanquished Creatures
  Kirke (D:11)
  Nessos (D:13)
  2 boulder beetles
  3 hydras
  4 two-headed ogres
  A tengu warrior (D:11)
  Nergalle (D:12)
  Pikel (D:5)
  2 ugly things
  A cyclops (D:12)
  Joseph (D:7)
  A gargoyle (D:11)
  2 cane toads (Lair:1)
  A tengu conjurer (D:11)
  A komodo dragon (D:12)
  A troll (D:11)
  2 guardian mummies (D:10)
  A hornet (D:11)
  Grinder (D:5)
  6 slime creatures (D:12)
  Sigmund (D:4)
  A shadow (D:11)
  2 wyverns
  A water elemental (D:11)
  A wraith (D:11)
  A basilisk (Lair:1)
  19 yaks
  4 hogs
  5 steam dragons
  Duvessa (D:7)
  A water moccasin (D:11)
  2 acid dragons
  2 orc warriors
  3 sky beasts
  A black bear (D:5)
  A hornet zombie (D:8)
  A necrophage (D:6)
  15 ogres
  2 phantoms
  4 wolves (D:11)
  12 centaurs
  2 lemures (D:5)
  4 kobold brigands
  A gnoll sergeant (D:8)
  7 bullfrogs
  A water moccasin zombie (D:5)
  A scorpion (D:4)
  Dowan (D:7)
  A killer bee (D:8)
  A howler monkey (D:4)
  5 electric eels (D:11)
  4 centaur zombies
  A bullfrog zombie (D:6)
  5 orc priests
  A gnoll shaman (D:10)
  4 hounds
  A bullfrog skeleton (D:5)
  Ijyb (D:4)
  2 iguanas
  4 orc wizards
  A killer bee zombie (D:7)
  A hound skeleton (D:4)
  3 howler monkey zombies
  13 gnolls
  4 adders
  A shadow imp (D:8)
  2 white imps (D:6)
  An ufetubus (D:7)
  An adder skeleton (D:4)
  3 worms
  A dart slug (D:4)
  27 orcs
  3 bats
  3 endoplasms
  2 giant cockroaches (D:4)
  7 goblins
  3 hobgoblins
  11 jackals
  10 kobolds
  A quokka (D:5)
  7 ball pythons
  7 frilled lizards
  6 rats
279 creatures vanquished.

Vanquished Creatures (others)
  71 fulminant prisms
  2 fungi (Lair:1)
  4 plants (Lair:1)
  4 withered plants (Lair:1)
81 creatures vanquished.

Grand Total: 360 creatures vanquished

Notes
Turn   | Place    | Note
-------+----------+-------------------------------------------
     0 | D:1      | porpoise the Deep Elf Conjurer began the quest for the Orb.
     0 | D:1      | Reached XP level 1. HP: 10/10 MP: 6/6
   401 | D:1      | Reached XP level 2. HP: 15/15 MP: 5/8
   405 | D:1      | Learned a level 2 spell: Searing Ray
  1242 | D:2      | Reached skill level 5 in Conjurations
  1242 | D:2      | Reached XP level 3. HP: 19/19 MP: 4/10
  1622 | D:2      | Reached XP level 4. HP: 24/24 MP: 7/12
  2664 | D:3      | Reached skill level 5 in Spellcasting
  2714 | D:3      | Learned a level 4 spell: Fulminant Prism
  2719 | D:3      | Learned a level 4 spell: Iskenderun's Mystic Blast
  2800 | D:3      | Noticed a kobold brigand
  2803 | D:3      | Killed a kobold brigand
  2804 | D:3      | Reached skill level 1 in Fighting
  2804 | D:3      | Reached skill level 6 in Conjurations
  2804 | D:3      | Reached XP level 5. HP: 23/29 MP: 9/14
  3552 | D:4      | Noticed an ogre
  3557 | D:4      | Killed an ogre
  3558 | D:4      | Reached XP level 6. HP: 4/35 MP: 6/15
  4088 | D:4      | Reached skill level 7 in Conjurations
  4186 | D:4      | Found a sparkling altar of Nemelex Xobeh.
  4212 | D:4      | Noticed Sigmund
  4217 | D:4      | Killed Sigmund
  4218 | D:4      | Reached XP level 7. HP: 41/41 MP: 11/16
  4338 | D:4      | Found a broken altar of Ashenzari.
  4470 | D:4      | Noticed Ijyb
  4528 | D:4      | Killed Ijyb
  4934 | D:5      | Entered Level 5 of the Dungeon
  5016 | D:5      | Found an ancient bone altar of Kikubaaqudgha.
  5141 | D:5      | Found an ornate altar of the Wu Jian Council.
  5230 | D:5      | Found a glowing silver altar of Zin.
  5232 | D:5      | Found a blossoming altar of Fedhas.
  5374 | D:5      | Noticed Pikel
  5379 | D:5      | Noticed Grinder
  5384 | D:5      | Killed Pikel
  5385 | D:5      | Reached skill level 5 in Fighting
  5385 | D:5      | Reached XP level 8. HP: 42/49 MP: 9/17
  5387 | D:5      | Killed Grinder
  5388 | D:5      | Reached skill level 1 in Translocations
  5898 | D:6      | Reached skill level 5 in Dodging
  6060 | D:6      | Reached skill level 1 in Evocations
  6311 | D:6      | Reached XP level 9. HP: 52/54 MP: 8/18
  6613 | D:6      | Reached skill level 5 in Translocations
  7088 | D:7      | Noticed Joseph
  7093 | D:7      | Noticed Dowan
  7154 | D:7      | Killed Dowan
  7200 | D:7      | Killed Joseph
  7201 | D:7      | Reached skill level 8 in Conjurations
  7201 | D:7      | Reached skill level 5 in Evocations
  7435 | D:7      | Learned a level 3 spell: Dazzling Flash
  7529 | D:7      | Found a glowing golden altar of the Shining One.
  7591 | D:7      | Found an iron altar of Okawaru.
  7693 | D:7      | Found a staircase to the Ecumenical Temple.
  7704 | Temple   | Entered the Ecumenical Temple
  7742 | Temple   | Became a worshipper of Vehumet
  7885 | D:7      | Found a bloodstained altar of Trog.
  7897 | D:7      | Found a burning altar of Makhleb.
  7916 | D:7      | Noticed Duvessa
  7930 | D:7      | Killed Duvessa
  8568 | D:8      | Reached skill level 5 in Stealth
  8568 | D:8      | Reached skill level 9 in Conjurations
  8792 | D:8      | Reached XP level 10. HP: 55/59 MP: 14/19
  9079 | D:8      | Noticed a two-headed ogre
  9087 | D:8      | Killed a two-headed ogre
  9272 | D:8      | Found a stormy altar of Qazlal.
  9786 | D:8      | Reached skill level 1 in Shields
  9985 | D:9      | Reached * piety under Vehumet
  9985 | D:9      | Offered knowledge of Shock by Vehumet.
 10318 | D:9      | Found Unas's Weapon Shoppe.
 10326 | D:9      | Found a runed translucent door.
 10327 | D:9      | Noticed a sixfirhy
 10400 | D:9      | Found an opulent altar of Gozag.
 10809 | D:10     | Entered Level 10 of the Dungeon
 11252 | D:10     | Found a portal to a secret trove of treasure.
 11439 | D:10     | Identified the +1 robe of Riyzonu {Harm Int+2}
 11715 | D:11     | Reached XP level 11. HP: 63/63 MP: 18/23
 11720 | D:11     | Noticed a boulder beetle
 11728 | D:11     | Killed a boulder beetle
 11882 | D:11     | Found a hide-covered altar of Uskayaw.
 11964 | D:11     | Identified the +8 short sword of Mourning {holy, *Contam
                  | rN+ SInv}
 11964 | D:11     | Noticed a tengu warrior
 12112 | D:11     | Reached skill level 10 in Conjurations
 12114 | D:11     | Reached ** piety under Vehumet
 12114 | D:11     | Offered knowledge of Sandblast by Vehumet.
 12155 | D:11     | Noticed a five-headed hydra
 12189 | D:11     | Killed a five-headed hydra
 12386 | D:11     | Killed a tengu warrior
 12619 | D:11     | Reached skill level 11 in Conjurations
 13026 | D:11     | Found a staircase to the Lair.
 13124 | D:11     | Found an ornate altar of the Wu Jian Council.
 13398 | Lair:1   | Entered Level 1 of the Lair of Beasts
 14504 | Lair:1   | Offered knowledge of Frozen Ramparts by Vehumet.
 14505 | Lair:1   | Reached skill level 12 in Conjurations
 14539 | Lair:1   | Noticed a five-headed hydra
 14549 | Lair:1   | Killed a five-headed hydra
 14550 | Lair:1   | Reached XP level 12. HP: 71/71 MP: 21/27
 14869 | Lair:1   | Found a runed translucent gate.
 14869 | Lair:1   | Found a runed translucent gate.
 14869 | Lair:1   | Found a runed translucent gate.
 14871 | Lair:1   | Noticed Drazool's ghost (journeyman TrHu)
 14871 | Lair:1   | Noticed Zuem's ghost (journeyman DrIE)
 14872 | Lair:1   | Noticed Deujad's ghost (journeyman MiBe)
 15071 | Lair:1   | Upgraded the game from 0.27-a0-828-g8289197e94 to
                  | 0.27-a0-836-gfc908b8576
 15135 | D:12     | Noticed Nergalle
 15145 | D:12     | Killed Nergalle
 15147 | D:12     | Noticed Kirke
 15308 | D:12     | Noticed a sphinx
 15406 | D:11     | Killed Kirke
 15879 | D:12     | Noticed a boulder beetle
 15896 | D:12     | Killed a boulder beetle
 16140 | D:12     | Reached *** piety under Vehumet
 16517 | D:12     | Noticed an eight-headed hydra
 16525 | D:12     | Killed an eight-headed hydra
 16680 | D:12     | Found a staircase to the Orcish Mines.
 16983 | D:12     | Noticed a two-headed ogre
 16986 | D:12     | Noticed a two-headed ogre
 16991 | D:12     | Killed a two-headed ogre
 16992 | D:12     | Killed a two-headed ogre
 16993 | D:12     | Noticed a two-headed ogre
 17009 | D:12     | Killed a two-headed ogre
 17009 | D:12     | Offered knowledge of Inner Flame by Vehumet.
 17769 | D:13     | Noticed Nessos
 17785 | D:13     | Killed Nessos
 17786 | D:13     | Reached skill level 10 in Hexes
 17866 | D:13     | Noticed a centaur warrior
 17888 | D:13     | Shot with an arrow by a centaur warrior

Illustrated notes

Levels and vault maps discovered:
D:1:      roderic_octagonal_star, layout_basic
D:2:      layout_basic, moated_statue
D:3:      layout_loops_corners
D:4:      layout_basic, overflow_temple_1_default,
          ashenzari_conservatory_becter, minmay_starry_boxes, uniq_sigmund,
          uniq_ijyb
D:5:      cheibrodos_two_vegetables, layout_rooms, nzn_wu_jian_council_hall,
          kiku_gazebo_pond_becter, nicolae_overflow_hidden_temple, uniq_pikel,
          uniq_grinder
D:6:      layout_basic
D:7:      layout_gridville, tso_metal_star, amethyst_overflow_temple_binary,
          lemuel_doored_altar, minmay_temple_entry_drinking_statues,
          uniq_duvessa, uniq_joseph
D:8:      minmay_skewed_foursquare, layout_gridville,
          nicolae_qazlal_general_emergency
D:9:      cheibrodos_shockbox, layout_rooms, lemuel_coloured_pillars_altar,
          serial_shops, nicolae_shop_waterfront, grunt_ministairs_7,
          minmay_misc_feat_hallway
D:10:     layout_rooms, nicolae_trove_entry_path_of_doom, nicolae_wwwww
D:11:     layout_layer_cave, erik_lair_island, nzn_masters_of_martial_movement
D:12:     lemuel_ogre_cave, layout_long_grid, orc_0_dummy, nicolae_water_bricks,
          uniq_kirke, uniq_nergalle
D:13:     layout_big_octagon, hangedman_vaults_entry_quadrant_bands, uniq_nessos
Temple:   compressed_dpeg_circular_temple
Lair:1:   layout_roguey, gammafunk_ghost_cemetery

Skill      XL: |  1  2  3  4  5  6  7  8  9 10 11 12 |
---------------+-------------------------------------+-----
Spellcasting   | 4 5 7 9 |  9.0
Conjurations   | 5 6 7 9 12 | 12.0
Fighting       | 1 2 3 5 6 7 |  7.0
Hexes          | 2 6 7 9 10 | 10.1
Dodging        | 5 7 9 |  9.0
Translocations | 4 5 6 7 9 |  9.0
Evocations     | 2 5 7 |  7.0
Stealth        | 5 7 |  7.0
Shields        | 4 |  4.2

Action                   |  1- 3 |  4- 6 |  7- 9 | 10-12 || total
-------------------------+-------+-------+-------+-------++-------
Melee: Dagger            |       |       |       |     1 ||     1
 Fire: Hunting sling     |       |       |    23 |   102 ||   125
Throw: Dart              |       |     5 |    15 |       ||    20
 Cast: Magic Dart        |    28 |    19 |     7 |     3 ||    57
       Searing Ray       |     5 |    25 |    61 |   117 ||   208
       Fulminant Prism   |       |       |    10 |    61 ||    71
       Iskenderun's Myst |       |       |     2 |    33 ||    35
Evoke: Wand              |       |       |     5 |    22 ||    27
  Use: Potion            |     1 |       |       |     4 ||     5
       Scroll            |       |     2 |     5 |    11 ||    18
Armor: Robe              |       |     1 |     4 |    21 ||    26
Dodge: Dodged            |       |     2 |    23 |    86 ||   111
Block: Buckler           |       |       |       |    30 ||    30

Table legend: (Time is in decaauts)
 A = Elapsed time spent in this place.
 B = Non-inter-level travel time spent in this place.
 C = Inter-level travel time spent in this place.
 D = Time resting spent in this place.
 E = Time spent auto-exploring this place.
 F = Levels seen in this place.
 G = Mean time per level.
                   A        B        C        D        E       F      G
               +--------+--------+--------+--------+--------+-----+--------+
         Total |  17981 |  17516 |    465 |   6651 |   8539 |  15 | 1198.7 |
       Dungeon |  16662 |  16232 |    430 |   6405 |   7724 |  13 | 1281.7 |
        Temple |     55 |     38 |     17 |      0 |     35 |   1 |   55.0 |
          Lair |   1263 |   1246 |     17 |    246 |    780 |   1 | 1263.0 |
               +--------+--------+--------+--------+--------+-----+--------+

Top non-repeatable levels by time:
    D:11: 2596 daAuts
    D:12: 2026 daAuts
     D:8: 1848 daAuts
     D:4: 1487 daAuts
  Lair:1: 1263 daAuts
     D:6: 1234 daAuts
     D:3: 1200 daAuts
     D:2: 1156 daAuts
     D:7: 1124 daAuts
     D:1: 1086 daAuts
     D:5: 950 daAuts
    D:10: 927 daAuts
     D:9: 690 daAuts
    D:13: 331 daAuts
  Temple: 55 daAuts
